 Dungeon Crawl Stone Soup version 0.24.0-37-gcf1ca852f1 (webtiles) character file.

Game seed: 17813307952373461863, levelgen mode: deterministic

185 FishyPogo the Magician (level 5, -2/55 HPs)
             Began as a Gnoll Wizard on Nov 30, 2019.
             Was a Believer of Makhleb.
             Slain by Menkaure (4 damage)
             ... on level 4 of the Dungeon.
             The game lasted 00:10:16 (2579 turns).

FishyPogo the Magician (Gnoll Wizard)               Turns: 2579, Time: 00:10:18

Health: -2/55      AC: 22    Str:  9    XL:     5   Next: 64%
Magic:  8/14       EV:  2    Int: 22    God:    Makhleb [**....]
Gold:   119        SH:  0    Dex: 13    Spells: 5/18 levels left

rFire    + . .     SeeInvis .   n - +6 club
rCold    + . .     Gourm    .   (no shield)
rNeg     + + +     Faith    .   (armour currently unavailable)
rPois    +         Spirit   .   (helmet currently unavailable)
rElec    +         Reflect  .   (cloak currently unavailable)
rCorr    +         Harm     .   (gloves currently unavailable)
MR       .....     NoTele   +   (boots currently unavailable)
Stlth    +++.......             z - amulet of magic regeneration
HPRegen  0.18/turn              v - ring of poison resistance
MPRegen  0.39/turn              (no ring)

@: tree-form, resistant
A: distributed training, strong nose
a: Minor Destruction, Renounce Religion


You were on level 4 of the Dungeon.
You worshipped Makhleb.
Makhleb was pleased with you.
You were not hungry.
You were a tree.
You visited 1 branch of the dungeon, and saw 4 of its levels.

You collected 158 gold pieces.
You spent 39 gold pieces at shops.

Inventory:

Hand Weapons
 n - a +6 club (weapon)
 u - a +4 hand axe of draining
Missiles
 c - 24 poisoned darts (quivered)
 l - 88 stones
 x - 3 boomerangs
Armour
 b - a +0 hat (melded)
 f - a +1 robe of the Archmagi (melded)
 i - a +0 ring mail of cold resistance
 q - a +0 shield
Jewellery
 v - a ring of poison resistance (left branch)
 z - an amulet of magic regeneration (around neck)
Wands
 s - a wand of digging (7)
Scrolls
 h - 8 scrolls of identify
 j - 5 scrolls of remove curse
 o - a scroll of fog
 w - 2 scrolls of immolation {unknown}
 y - a scroll of random uselessness {unknown}
 A - a scroll of amnesia {unknown}
Potions
 e - a potion of ambrosia {unknown}
 g - a potion of resistance
 k - a potion of agility {unknown}
 m - a potion of lignification
 p - a potion of haste {unknown}
 r - a potion of curing
 t - 2 potions of brilliance {unknown}
Comestibles
 a - 4 chunks of flesh
 d - 7 rations


   Skills:
 + Level 1.5 Fighting
 + Level 1.5 Short Blades
 + Level 1.5 Long Blades
 + Level 1.5 Axes
 + Level 1.5 Maces & Flails
 + Level 1.5 Polearms
 + Level 1.5 Staves
 + Level 1.5 Slings
 + Level 1.5 Bows
 + Level 1.5 Crossbows
 + Level 1.5 Throwing
 + Level 1.5 Armour
 + Level 4.8 Dodging
 + Level 4.4 Stealth
 + Level 1.5 Shields
 + Level 1.5 Unarmed Combat
 + Level 7.3 Spellcasting
 + Level 2.4 Conjurations
 + Level 1.2 Hexes
 + Level 1.2 Charms
 + Level 2.4 Summonings
 + Level 1.2 Necromancy
 + Level 2.4 Translocations
 + Level 1.2 Transmutations
 + Level 1.2 Fire Magic
 + Level 1.2 Ice Magic
 + Level 1.2 Air Magic
 + Level 1.2 Earth Magic
 + Level 1.2 Poison Magic
 + Level 1.7 Invocations
 + Level 1.5 Evocations


You had 5 spell levels left.
You knew the following spells:

 Your Spells              Type           Power        Failure   Level  Hunger
a - Magic Dart            Conj           ###.         3%          1    None
c - Mephitic Cloud        Conj/Pois/Air  ###.....     12%         3    None
j - Conjure Flame         Conj/Fire      ###.....     11%         3    None
m - Blink                 Tloc           N/A          4%          2    None
p - Call Imp              Summ           ###.....     4%          2    None
s - Slow                  Hex            ##......     8%          2    None

Your spell library contained the following spells:

 Spells                   Type           Power        Failure   Level  Hunger


Dungeon Overview and Level Annotations

Branches:
Dungeon (4/15)
 Temple: D:4-7

Altars:
Makhleb
Sif Muna

Shops:
D:4 ?

Annotations:
D:4 Menkaure


Innate Abilities, Weirdness & Mutations

Your experience applies equally to all skills.
((You have very sharp teeth.))
Your uncanny sense of smell can sniff out nearby items.


Message History

The magic dart hits Menkaure but does no damage.
Menkaure is heavily damaged.
The worker ant closely misses you. Menkaure hits you!
* * * LOW HITPOINT WARNING * * *
Your crimson imp blinks!
It was a potion of lignification.
You turn into a tree.
Your +0 hat melds into your body.
Your +1 robe of the Archmagi melds into your body.
You feel strangely numb.
Your roots penetrate the ground.
The worker ant bites you but does no damage.
Menkaure hits you but does no damage.
Your crimson imp hits Menkaure but does no damage.
The worker ant bites you but does no damage.
It was a potion of resistance.
You feel protected. Menkaure hits you but does no damage.
The worker ant bites you but does no damage.
Your crimson imp barely misses Menkaure.
Menkaure hits you.
You die...

∆ ###
##.#####..
#..a......
#♣#
#M#####...
#5)†......
#.#####.##
#.# #.#
#.# . #.#
#.#.# #.#


You could see Menkaure, a worker ant and a friendly crimson imp.

Vanquished Creatures
  Robin (D:3)
  7 adders
  An ooze (D:2)
  5 worms
  A dart slug (D:1)
  2 leopard geckos
  2 orcs
  3 giant cockroaches
  11 goblins
  8 hobgoblins
  8 jackals
  9 kobolds
  11 bats
  5 frilled lizards
  8 rats
82 creatures vanquished.

Vanquished Creatures (collateral kills)
  An adder (D:2)
  3 orcs (D:4)
4 creatures vanquished.

Grand Total: 86 creatures vanquished

Notes
Turn   | Place    | Note
-------+----------+-------------------------------------------
     0 | D:1      | FishyPogo the Gnoll Wizard began the quest for the Orb.
     0 | D:1      | Reached XP level 1. HP: 13/13 MP: 8/8
   217 | D:1      | Reached XP level 2. HP: 19/19 MP: 7/10
   635 | D:1      | Reached XP level 3. HP: 24/25 MP: 7/11
   650 | D:1      | Learned a level 3 spell: Mephitic Cloud
   781 | D:2      | Found a burning altar of Makhleb.
   793 | D:2      | Became a worshipper of Makhleb the Destroyer
   868 | D:2      | Reached skill level 1 in Invocations
   883 | D:2      | Learned a level 2 spell: Call Imp
   886 | D:2      | Learned a level 2 spell: Slow
   890 | D:2      | Learned a level 3 spell: Conjure Flame
   902 | D:2      | Reached skill level 1 in Fighting
   902 | D:2      | Reached skill level 1 in Short Blades
   902 | D:2      | Reached skill level 1 in Long Blades
   902 | D:2      | Reached skill level 1 in Axes
   902 | D:2      | Reached skill level 1 in Maces & Flails
   902 | D:2      | Reached skill level 1 in Polearms
   902 | D:2      | Reached skill level 1 in Staves
   902 | D:2      | Reached skill level 1 in Slings
   902 | D:2      | Reached skill level 1 in Bows
   902 | D:2      | Reached skill level 1 in Crossbows
   902 | D:2      | Reached skill level 1 in Throwing
   902 | D:2      | Reached skill level 1 in Armour
   902 | D:2      | Reached skill level 1 in Shields
   902 | D:2      | Reached skill level 1 in Unarmed Combat
   902 | D:2      | Reached skill level 1 in Evocations
   915 | D:2      | Reached XP level 4. HP: 31/32 MP: 0/13
  1224 | D:2      | Found a shimmering blue altar of Sif Muna.
  1246 | D:2      | Reached skill level 1 in Hexes
  1246 | D:2      | Reached skill level 1 in Charms
  1246 | D:2      | Reached skill level 1 in Necromancy
  1246 | D:2      | Reached skill level 1 in Transmutations
  1246 | D:2      | Reached skill level 1 in Fire Magic
  1246 | D:2      | Reached skill level 1 in Ice Magic
  1246 | D:2      | Reached skill level 1 in Air Magic
  1246 | D:2      | Reached skill level 1 in Earth Magic
  1246 | D:2      | Reached skill level 1 in Poison Magic
  1606 | D:3      | Reached * piety under Makhleb
  1632 | D:3      | Reached XP level 5. HP: 37/37 MP: 10/14
  2029 | D:3      | Noticed Robin
  2063 | D:3      | Killed Robin
  2338 | D:4      | Found Nyzaid's Magic Scroll Shoppe.
  2348 | D:4      | Bought a scroll of remove curse for 39 gold pieces
  2388 | D:4      | Reached ** piety under Makhleb
  2418 | D:4      | Learned a level 2 spell: Blink
  2562 | D:4      | Noticed Menkaure
  2577 | D:4      | HP: 1/37 [Menkaure (15)]
  2579 | D:4      | Slain by Menkaure

Levels and vault maps discovered:
D:1:      sevenhm_arrival_forest_fort_large_1, layout_loops_cross
D:2:      layout_loops_ring, overflow_temple_1_default, lemuel_blue_sif_altar
D:3:      layout_basic, moated_statue, hex_large, uniq_robin
D:4:      layout_loops_ring, nemelex_xobeh_ov_fountains_minmay,
          lemuel_coloured_pillars_altar, fiery_altar_vehumet,
          minmay_temple_entry_drinking_statues, first_ration, serial_shops,
          shop_scrolls, hangedman_decor_diamond_cutter, uniq_menkaure

Skill      XL: |  1  2  3  4 |
---------------+-------------+-----
Conjurations   | 2 |  2.4
Summonings     | 2 |  2.4
Translocations | 2 |  2.4
Invocations    | 1 |  1.7
Fighting       | 1 |  1.5
Short Blades   | 1 |  1.5
Long Blades    | 1 |  1.5
Axes           | 1 |  1.5
Maces & Flails | 1 |  1.5
Polearms       | 1 |  1.5
Staves         | 1 |  1.5
Slings         | 1 |  1.5
Bows           | 1 |  1.5
Crossbows      | 1 |  1.5
Throwing       | 1 |  1.5
Armour         | 1 |  1.5
Shields        | 1 |  1.5
Unarmed Combat | 1 |  1.5
Evocations     | 1 |  1.5
Hexes          | 1 |  1.2
Charms         | 1 |  1.2
Necromancy     | 1 |  1.2
Transmutations | 1 |  1.2
Fire Magic     | 1 |  1.2
Ice Magic      | 1 |  1.2
Air Magic      | 1 |  1.2
Earth Magic    | 1 |  1.2
Poison Magic   | 1 |  1.2
Dodging        | |  4.8
Stealth        | |  4.4
Spellcasting   | |  7.3

Action                   |  1- 3 |  4- 6 || total
-------------------------+-------+-------++-------
Melee: Dagger            |    25 |     5 ||    30
       Hand axe          |       |    26 ||    26
       Club              |       |    15 ||    15
Throw: Dart              |     5 |     8 ||    13
 Cast: Magic Dart        |    56 |    56 ||   112
       Conjure Flame     |     1 |     1 ||     2
       Call Imp          |       |     5 ||     5
       Mephitic Cloud    |       |     6 ||     6
  Use: Scroll            |       |     5 ||     5
       Potion            |       |     2 ||     2
 Stab: Sleeping          |     3 |     2 ||     5
       Confused          |       |     2 ||     2
  Eat: Chunk             |       |     5 ||     5
Armor: Robe              |     5 |     6 ||    11
       Skin              |       |     5 ||     5
Dodge: Dodged            |    23 |    28 ||    51
